 Dungeon Crawl Stone Soup version 0.19-a0-585-ge40200b (webtiles) character file.

14 ololoev the Firebug (level 2, -7/15 HPs)
             Began as a Deep Elf Fire Elementalist on June 9, 2016.
             Killed from afar by ololoev's ghost (13 damage)
             ... with a flame tongue
             ... on level 3 of the Dungeon.
             The game lasted 00:02:23 (296 turns).

ololoev the Firebug (Deep Elf Fire Elementalist)     Turns: 296, Time: 00:02:24

Health: -7/15      AC:  4    Str:  5    XL:     2   Next: 27%
Magic:  0/8        EV: 13    Int: 19    God:
Gold:   26         SH:  0    Dex: 15    Spells: 1 memorised, 6 levels left

rFire  . . .     SeeInvis .     (no weapon)
rCold  . . .     Gourm    .     a - +0 robe
rNeg   . . .     Faith    .     (no shield)
rPois  .         Spirit   .     (no helmet)
rElec  .         Dismiss  +     (no cloak)
rCorr  .         Reflect  .     j - +1 pair of gloves
SustAt .         Harm     .     (no boots)
MR     .....                    k - amulet of dismissal
Stlth  ++........               (no ring)
                                (no ring)

@: very slightly contaminated, not resistant to hostile enchantments, unstealthy
A: no striking features
a: no special abilities

Inventory:

Armour
 a - a +0 robe (worn)
 j - a +1 pair of gloves (worn)
Jewellery
 k - an amulet of dismissal (around neck)
Scrolls
 d - a scroll of noise {unknown}
Potions
 e - a potion of cancellation {unknown}
 f - a potion of heal wounds {unknown}
 g - a potion of might {unknown}
Books
 b - a book of Flames

   Spells                             Type                      Level
   a - Flame Tongue                   Conjuration/Fire             1
   b - Throw Flame                    Conjuration/Fire             2
   c - Conjure Flame                  Conjuration/Fire             3
   d - Inner Flame                    Hexes/Fire                   3
   e - Sticky Flame                   Conjuration/Fire             4
   f - Fireball                       Conjuration/Fire             5
Comestibles
 c - 3 bread rations
 h - 2 meat rations
 i - a slice of pizza


   Skills:
 - Level 2.4 Dodging
 - Level 2.4 Stealth
 + Level 3.4 Spellcasting
 * Level 1.9 Conjurations
 + Level 3.4 Fire Magic


You had 6 spell levels left.
You knew the following spells:

 Your Spells              Type           Power        Failure   Level  Hunger
a - Flame Tongue          Conj/Fire      ##...        6%          1    None


You were on level 3 of the Dungeon.
You were not hungry.

You visited 1 branch of the dungeon, and saw 3 of its levels.

You collected 26 gold pieces.

#. #.# # #>##
######.# # ....
...##.## # ##..###
#.#...######
#.....###..)...##...
#...#.....(.......##
#......##.##.######
#.b##.###.####
#..@W.# #W# ##.####
#.# #. ..# ## ###

Notes
Turn   | Place    | Note
--------------------------------------------------------------
     0 | D:1      | ololoev the Deep Elf Fire Elementalist began the quest for the Orb.
     0 | D:1      | Reached XP level 1. HP: 10/10 MP: 6/6
   153 | D:3      | Found a basalt altar of Yredelemnul.
   202 | D:3      | Reached XP level 2. HP: 15/15 MP: 4/8
   286 | D:3      | Noticed ololoev's ghost (amateur DEFE)
   296 | D:3      | Killed from afar by ololoev's ghost

Dungeon Overview and Level Annotations

Branches:
Dungeon (3/15)

Altars:
Yredelemnul

Annotations:
D:3 ololoev's ghost, amateur DEFE


Message History

Confirm with . or Enter, or press ? or * to list all spells.
Aiming: Flame Tongue
Press: ? - help, Shift-Dir - straight line, f/p - ball python
Aim: a ball python (severely wounded)
The flame tongue misses the ball python.
The ball python barely misses you. The ball python grabs you.
The ball python constricts you.
Casting: Flame Tongue
Confirm with . or Enter, or press ? or * to list all spells.
Aiming: Flame Tongue
Press: ? - help, Shift-Dir - straight line, f/p - ball python
Aim: a ball python (severely wounded, constricting you)
The flame tongue misses the ball python.
The ball python bites you but does no damage.
The ball python constricts you.
Casting: Flame Tongue
Confirm with . or Enter, or press ? or * to list all spells.
Aiming: Flame Tongue
Press: ? - help, Shift-Dir - straight line, f/p - ball python
Aim: a ball python (severely wounded, constricting you)
The flame tongue misses the ball python.
The ball python barely misses you. The ball python constricts you.
Casting: Flame Tongue
Confirm with . or Enter, or press ? or * to list all spells.
Aiming: Flame Tongue
Press: ? - help, Shift-Dir - straight line, f/p - ball python
Aim: a ball python (severely wounded, constricting you)
The flame tongue misses the ball python.
The ball python bites you but does no damage.
The ball python constricts you.
The ball python bites you but does no damage.
The ball python constricts you.
You hit the ball python.
You kill the ball python!
c - 3 bread rations (gained 1)
You hear the rusting of a distant drain.
Found 22 stones.
Found a club.
Ololoev's ghost (amateur Deep Elf Fire Elementalist) comes into view.
You see here 22 stones.
Press: ? - help, v - describe, . - travel
Here: ololoev's ghost (hasn't noticed you)
The floor.
Ololoev's ghost turns its malevolent gaze towards you.
A bat comes into view.
The bat moves out of view.
Found an escape hatch in the floor.
The bat hits you but does no damage. The bat hits you but does no damage.
Casting: Flame Tongue
Confirm with . or Enter, or press ? or * to list all spells.
Aiming: Flame Tongue
Press: ? - help, Shift-Dir - straight line, f - bat
Aim: a bat The flame tongue hits the bat.
The bat is moderately wounded.
The bat misses you. The bat closely misses you.
Casting: Flame Tongue
Confirm with . or Enter, or press ? or * to list all spells.
Aiming: Flame Tongue
Press: ? - help, Shift-Dir - straight line, f - ololoev's ghost, p - bat
Aim: ololoev's ghost The flame tongue hits ololoev's ghost.
Ololoev's ghost is lightly damaged.
The bat barely misses you.
Ololoev's ghost hits you but does no damage.
Casting: Flame Tongue
Confirm with . or Enter, or press ? or * to list all spells.
Aiming: Flame Tongue
Press: ? - help, Shift-Dir - straight line, f/p - ololoev's ghost
Aim: ololoev's ghost (lightly damaged)
The flame tongue hits ololoev's ghost.
Ololoev's ghost is lightly damaged.
The bat barely misses you.
Ololoev's ghost screams, "To die, to sleep, no more."
Ololoev's ghost points at you and mumbles some strange words.
The flame tongue hits you!
Ouch! That really hurt!
You die...

You could see ololoev's ghost and a bat.

Vanquished Creatures
  4 orcs (D:3)
  A ball python (D:3)
  A giant cockroach (D:3)
  A goblin (D:1)
  2 rats
9 creatures vanquished.

Action                   || total
-------------------------++-------
Melee: Unarmed           ||     1
 Cast: Flame Tongue      ||    24
Armor: Robe              ||     7
Dodge: Dodged            ||    10

Vault maps used:
D:1:      minmay_arrival_three_doors
D:2:      evilmike_ruin_ashenzari, grunt_decor_resistance, kennysheep_boxes
D:3:      lemuel_round_altar, portal_sewer_entry_c
